 Dungeon Crawl Stone Soup version 0.26-a0-858-gbf766624f9 (webtiles) character file.

Game seed: 9668145360387314163

742 robertstho the Magician (level 7, -16/36 HPs)
             Began as a Deep Elf Fire Elementalist on Nov 24, 2020.
             Was an Initiate of Sif Muna.
             Demolished by Menkaure (22 damage)
             ... on level 5 of the Dungeon.
             The game lasted 00:07:19 (4648 turns).

robertstho the Magician (DEFE)                      Turns: 4648, Time: 00:07:19

Health: -16/36     AC:  4    Str:  5    XL:     7   Next: 47%
Magic:  15/20      EV: 13    Int: 22    God:    Sif Muna [......]
Gold:   336        SH:  0    Dex: 15    Spells: 8/21 levels left

rFire    . . .     SeeInvis .   q - +0 whip (holy)
rCold    . . .     Faith    .   (no shield)
rNeg     . . .     Spirit   .   a - +0 robe
rPois    .         Reflect  .   (no helmet)
rElec    .         Harm     .   (no cloak)
rCorr    .         Rampage  .   (no gloves)
MR       +....                  m - +1 pair of boots
Stlth    ++........             (no amulet)
HPRegen  0.12/turn              h - ring of protection from magic
MPRegen  0.17/turn              (no ring)

@: no status effects
A: no striking features
a: Renounce Religion


You were on level 5 of the Dungeon.
You worshipped Sif Muna.
Sif Muna was noncommittal.
You visited 2 branches of the dungeon, and saw 6 of its levels.

You collected 336 gold pieces.

Inventory:

Hand Weapons
 c - a +0 dagger
 q - a +0 whip of holy wrath (weapon)
Armour
 a - a +0 robe (worn)
 m - a +1 pair of boots (worn)
Jewellery
 h - a ring of protection from magic (left hand)
 o - a cursed -4 ring of strength {unknown}
Scrolls
 b - 2 scrolls of magic mapping {unknown}
 d - 3 scrolls of fear
 j - 2 scrolls of identify
 l - 2 scrolls of remove curse
Potions
 e - 3 potions of lignification
 f - 2 potions of curing {unknown}
 g - a potion of attraction
 i - a potion of invisibility
 k - a potion of haste
 n - a potion of heal wounds
 p - a potion of flight


   Skills:
 + Level 2.8 Dodging
 + Level 2.8 Stealth
 * Level 7.5 Spellcasting
 * Level 4.4 Conjurations
 * Level 5.7 Fire Magic
 * Level 1.3 Invocations


You had 8 spell levels left.
You knew the following spells:

 Your Spells              Type           Power        Failure   Level
a - Foxfire               Conj/Fire      ####         1%          1
b - Conjure Flame         Conj/Fire      ####....     3%          3
c - Sticky Flame          Conj/Fire      ####....     10%         4
d - Fireball              Conj/Fire      ####......   26%         5

Your spell library contained the following spells:

 Spells                   Type           Power        Failure   Level
 Inner Flame              Hex/Fire       ###.....     8%          3


Dungeon Overview and Level Annotations

Branches:
Dungeon (5/15)             Temple (1/1) D:4

Altars:
Ashenzari
Okawaru
Sif Muna
Wu Jian

Annotations:
D:5 Menkaure


Message History

Confirm with . or Enter, or press ? or * to list all spells.
The spell is quite dangerous to cast (10% risk of failure)!
Continue anyway?
Press: ? - help, Shift-Dir - straight line, f - you That beam is likely to hit you.
Continue anyway?
Okay, then.
Casting: Sticky Flame (quite dangerous; 10% risk of failure)
Confirm with . or Enter, or press ? or * to list all spells.
The spell is quite dangerous to cast (10% risk of failure)!
Continue anyway?
Aiming: Sticky Flame (quite dangerous; 10% risk of failure)
Press: ? - help, Shift-Dir - straight line, f - Menkaure
Aim: Menkaure (lightly damaged, 0% to evade)
The sticky flame hits Menkaure.
Menkaure is burned terribly!
Menkaure is moderately damaged.
Menkaure is covered in liquid flames!
Menkaure burns!
Menkaure hits you!
* * * LOW HITPOINT WARNING * * *
You hit Menkaure.
Menkaure convulses.
Menkaure is heavily damaged.
Menkaure burns!
Menkaure hits you!!
Ouch! That really hurt!
You die...

... #.# #.# #.# #.#
#.# .#######.##
.....5M@..#
########..#
#####..####.
#...........#
#.###..###### #####
##.###..#
###...######...##..#
...............##...
#.#...#.####...##.###


You could see Menkaure (burning) and an ufetubus.

Vanquished Creatures
  Grinder (D:4)
  2 ogres (D:4)
  Blork the orc (D:4)
  3 howler monkeys
  A hound (D:5)
  An iguana (D:5)
  A worker ant zombie (D:5)
  A gnoll (D:4)
  2 adders (D:2)
  A white imp (D:4)
  An ooze (D:1)
  2 worms
  A dart slug (D:1)
  2 leopard geckos (D:1)
  9 orcs
  5 bats
  2 giant cockroaches (D:2)
  7 goblins
  7 hobgoblins
  3 jackals (D:2)
  7 kobolds
  3 quokkas
  A ball python (D:4)
  4 frilled lizards
  A goblin zombie (D:4)
  A leopard gecko skeleton (D:4)
  A quokka zombie (D:4)
  2 rats
73 creatures vanquished.

Vanquished Creatures (collateral kills)
  A foxfire (D:4)
1 creature vanquished.

Vanquished Creatures (others)
  281 foxfires
281 creatures vanquished.

Grand Total: 355 creatures vanquished

Notes
Turn   | Place    | Note
-------+----------+-------------------------------------------
     0 | D:1      | robertstho the Deep Elf Fire Elementalist began the quest
                  | for the Orb.
     0 | D:1      | Reached XP level 1. HP: 10/10 MP: 6/6
   416 | D:1      | Reached XP level 2. HP: 15/15 MP: 6/8
   986 | D:2      | Reached XP level 3. HP: 19/19 MP: 6/10
  1322 | D:2      | Reached skill level 4 in Spellcasting
  1846 | D:3      | Reached XP level 4. HP: 24/24 MP: 9/12
  2543 | D:4      | Noticed an ogre
  2549 | D:4      | Killed an ogre
  2550 | D:4      | Reached skill level 5 in Spellcasting
  2550 | D:4      | Reached XP level 5. HP: 28/28 MP: 6/14
  2551 | D:4      | Noticed an ogre
  2557 | D:4      | Killed an ogre
  2678 | D:4      | Noticed Grinder
  2689 | D:4      | Reached skill level 5 in Fire Magic
  2693 | D:4      | Killed Grinder
  2694 | D:4      | Reached skill level 6 in Spellcasting
  2694 | D:4      | Reached XP level 6. HP: 32/32 MP: 1/17
  2872 | D:4      | Found a staircase to the Ecumenical Temple.
  2888 | Temple   | Entered the Ecumenical Temple
  3022 | Temple   | Became a worshipper of Sif Muna the Loreminder
  3067 | D:4      | Found a sand-covered staircase.
  3257 | D:4      | Found a broken altar of Ashenzari.
  3374 | D:4      | Noticed Blork the orc
  3380 | D:4      | Killed Blork the orc
  3381 | D:4      | Reached skill level 7 in Spellcasting
  3381 | D:4      | Reached XP level 7. HP: 30/36 MP: 12/19
  3590 | D:4      | Learned a level 3 spell: Conjure Flame
  3595 | D:4      | Learned a level 4 spell: Sticky Flame
  3601 | D:4      | Learned a level 5 spell: Fireball
  3871 | D:4      | Reached skill level 1 in Invocations
  4051 | D:4      | Found an iron altar of Okawaru.
  4280 | D:4      | Found a broken altar of Ashenzari.
  4360 | D:5      | Entered Level 5 of the Dungeon
  4639 | D:5      | Noticed Menkaure
  4648 | D:5      | Demolished by Menkaure

Illustrated notes

Levels and vault maps discovered:
D:1:      mrwooster_arrival_arrow, layout_rooms
D:2:      layout_basic, serial_glass, glass_columns_a, glass_columns_a,
          glass_columns_a, glass_columns_c, glass_columns_a,
          minmay_misc_feat_tiny
D:3:      layout_loops_cross
D:4:      layout_basic, lemuel_coloured_pillars_altar,
          okawaru_altar_gauntlet_db, minmay_temple_entry_large_hall,
          enter_ossuary_4, ashenzari_altar_1, uniq_blork_the_orc, uniq_grinder
D:5:      layout_loops_ring, tgw_xom, uniq_menkaure
Temple:   regret_index_temple_generic_petals

Skill      XL: |  1  2  3  4  5  6  7 |
---------------+----------------------+-----
Fire Magic     | 4 5 |  5.7
Spellcasting   | 4 5 6 7 |  7.5
Conjurations   | 2 3 4 |  4.4
Invocations    | 1 |  1.3
Dodging        | |  2.8
Stealth        | |  2.8

Action                   |  1- 3 |  4- 6 |  7- 9 || total
-------------------------+-------+-------+-------++-------
Melee: Dagger            |       |       |    12 ||    12
       Whip              |       |       |     1 ||     1
 Cast: Foxfire           |    67 |    70 |    35 ||   172
       Sticky Flame      |       |       |     3 ||     3
  Use: Potion            |     1 |       |       ||     1
       Scroll            |       |    10 |     2 ||    12
Armor: Robe              |     6 |     3 |     4 ||    13
Dodge: Dodged            |    15 |     6 |    20 ||    41

Table legend: (Time is in decaauts)
 A = Elapsed time spent in this place.
 B = Non-inter-level travel time spent in this place.
 C = Inter-level travel time spent in this place.
 D = Time resting spent in this place.
 E = Time spent auto-exploring this place.
 F = Levels seen in this place.
 G = Mean time per level.
                   A        B        C        D        E       F      G
               +--------+--------+--------+--------+--------+-----+--------+
         Total |   4646 |   4470 |    176 |      0 |   3951 |   6 |  774.3 |
       Dungeon |   4494 |   4336 |    158 |      0 |   3823 |   5 |  898.8 |
        Temple |    152 |    134 |     18 |      0 |    128 |   1 |  152.0 |
               +--------+--------+--------+--------+--------+-----+--------+

Top non-repeatable levels by time:
     D:4: 1672 daAuts
     D:1: 864 daAuts
     D:3: 851 daAuts
     D:2: 818 daAuts
     D:5: 287 daAuts
  Temple: 152 daAuts
